 Dungeon Crawl Stone Soup version 0.19-a0-3-g95c6029 (webtiles) character file.

218 Minkie the Conjurer (level 5, -4/28 HPs)
             Began as a Tengu Fire Elementalist on Apr 28, 2016.
             Killed by nerve-wracking pain
             ... invoked by an orc priest
              (5 damage)
             ... on level 3 of the Dungeon.
             The game lasted 00:09:45 (2845 turns).

Minkie the Conjurer (Tengu Fire Elementalist)       Turns: 2845, Time: 00:09:46

Health: -4/28      AC:  2    Str:  9    XL:     5   Next: 95%
Magic:  5/11       EV: 12    Int: 16    God:
Gold:   141        SH:  0    Dex: 14    Spells: 3 memorised, 0 levels left

rFire  . . .     SeeInvis .     i - +1 whip (vamp)
rCold  . . .     Gourm    .     a - +0 robe
rNeg   . . .     Faith    .     (no shield)
rPois  .         Spirit   .     (helmet restricted)
rElec  .         Dismiss  .     (no cloak)
rCorr  .         Reflect  .     (no gloves)
SustAt .         Harm     .     (boots unavailable)
MR     .....                    (no amulet)
Stlth  ++........               (no ring)
                                (no ring)

@: not resistant to hostile enchantments, unstealthy
A: beak, talons 3, able to fly 1
a: Fly


You were on level 3 of the Dungeon.
You were hungry.

You visited 1 branch of the dungeon, and saw 3 of its levels.

You collected 141 gold pieces.

Inventory:

Hand Weapons
 i - a +1 vampiric whip (weapon)
Armour
 a - a +0 robe (worn)
Scrolls
 d - a scroll of fog {unknown}
 j - 2 scrolls of teleportation {unknown}
 m - a scroll of enchant weapon {unknown}
 n - 2 scrolls of enchant armour {unknown}
 p - a scroll of recharging {unknown}
 r - a scroll of identify {unknown}
 s - 2 scrolls of magic mapping {unknown}
Potions
 e - a potion of degeneration {unknown}
 f - 3 potions of curing {unknown}
 g - a potion of brilliance {unknown}
 k - 2 potions of lignification {unknown}
 o - a potion of mutation {unknown}
Books
 b - a book of Flames

   Spells                             Type                      Level
   a - Flame Tongue                   Conjuration/Fire             1
   b - Throw Flame                    Conjuration/Fire             2
   c - Conjure Flame                  Conjuration/Fire             3
   d - Inner Flame                    Hexes/Fire                   3
   e - Sticky Flame                   Conjuration/Fire             4
   f - Fireball                       Conjuration/Fire             5
Comestibles
 c - 3 bread rations
 h - a beef jerky
 l - 2 slices of pizza
 q - 3 chunks of flesh


   Skills:
 - Level 2.1 Dodging
 - Level 2.0 Stealth
 + Level 3.3 Spellcasting
 * Level 5.0 Conjurations
 + Level 4.4 Fire Magic


You couldn't memorise any spells.
You knew the following spells:

 Your Spells              Type           Power        Failure   Level  Hunger
a - Flame Tongue          Conj/Fire      ###..        2%          1    None
b - Sticky Flame          Conj/Fire      ###.....     28%         4    ####...
c - Fireball              Conj/Fire      ###.......   75%         5    ######.


Dungeon Overview and Level Annotations

Branches:
Dungeon (3/15)

Altars:
Fedhas


Innate Abilities, Weirdness & Mutations

You have a beak for a mouth.
You have claws for feet.
You can fly.


Message History

Confirm with . or Enter, or press ? or * to list all spells.
Aiming: Flame Tongue
Press: ? - help, Shift-Dir - straight line, f/p - orc priest
Aim: an orc priest, wielding a dagger and wearing a ring mail (moderately wounded)
The flame tongue hits the orc priest.
The orc priest is moderately wounded.
Casting: Flame Tongue
Confirm with . or Enter, or press ? or * to list all spells.
Aiming: Flame Tongue
Press: ? - help, Shift-Dir - straight line, f/p - orc priest
Aim: an orc priest, wielding a dagger and wearing a ring mail (moderately wounded)
The flame tongue misses the orc priest.
The orc priest calls down the wrath of Beogh upon you.
Beogh smites you!
* * * LOW HITPOINT WARNING * * *
You hit the orc priest but do no damage.
The orc priest is moderately wounded.
The orc priest invokes the aid of Beogh against you.
Pain shoots through your body!
You die...

#.#####.#....
#.##.........
#.##.##.#.... #####
#.##.#...#...
#...#####.##.........
#................###.
#...###########.## .
#####........# #.# .
#......@).##.# #.#
#.###.o##.# #+# #...
.# ##)# o# #.# .# ...
.# #. .o ## o#


You could see an orc priest.

Vanquished Creatures
  The ghost of Minkie the Firebug, a weakling DEFE (D:3)
  2 orc wizards (D:3)
  Natasha (D:2)
  3 adders
  An ooze (D:2)
  A worm (D:2)
  2 dart slugs (D:1)
  A giant gecko (D:3)
  8 orcs (D:3)
  3 giant cockroaches
  6 goblins
  3 hobgoblins (D:1)
  2 jackals (D:3)
  A quokka (D:3)
  A ball python (D:2)
  7 bats
  4 giant newts
  8 kobolds
  5 rats
60 creatures vanquished.

Notes
Turn   | Place    | Note
--------------------------------------------------------------
     0 | D:1      | Minkie the Tengu Fire Elementalist began the quest for the Orb.
     0 | D:1      | Reached XP level 1. HP: 10/10 MP: 4/4
   408 | D:1      | Reached skill level 2 in Conjurations
   411 | D:1      | Reached XP level 2. HP: 14/15 MP: 0/6
   936 | D:2      | Reached XP level 3. HP: 19/19 MP: 0/7
  1213 | D:2      | Reached skill level 3 in Conjurations
  1332 | D:2      | Noticed Natasha
  1343 | D:2      | Killed Natasha
  1343 | D:2      | Reached XP level 4. HP: 16/24 MP: 4/8
  1350 | D:2      | Learned a level 4 spell: Sticky Flame
  1790 | D:2      | Found a blossoming altar of Fedhas.
  2165 | D:3      | Reached skill level 4 in Conjurations
  2165 | D:3      | Gained mutation: You can fly. [Tengu growth]
  2165 | D:3      | Reached XP level 5. HP: 20/28 MP: 4/10
  2277 | D:2      | Learned a level 5 spell: Fireball
  2704 | D:3      | Noticed Minkie's ghost (weakling DEFE)
  2711 | D:3      | Killed Minkie's ghost
  2796 | D:3      | Reached skill level 5 in Conjurations
  2844 | D:3      | HP: 1/28 [orc priest/divine providence (12)]
  2845 | D:3      | Killed from afar by an orc priest

Vault maps used:
D:1:      dpeg_arrival_concentric_ovals, minivault_4,
          minmay_misc_feat_four_crosses
D:2:      marbit_many_paths, uniq_natasha
D:3:      minmay_misc_feat_diagonals, grunt_ministairs_15, dk_yredelemnul_ordeal

Skill      XL: |  1  2  3  4  5 |
---------------+----------------+-----
Conjurations   | 2 3 4 5 |  5.0
Fire Magic     | 4 |  4.4
Spellcasting   | 3 |  3.3
Dodging        | |  2.1
Stealth        | |  2.0

Action                   |  1- 3 |  4- 6 || total
-------------------------+-------+-------++-------
Melee: Unarmed           |     2 |       ||     2
       Kick              |     5 |     7 ||    12
       Whip              |    25 |    27 ||    52
       Peck              |     1 |     1 ||     2
 Cast: Flame Tongue      |    39 |    54 ||    93
 Stab: Sleeping          |     2 |     2 ||     4
  Eat: Meat ration       |     1 |       ||     1
       Beef jerky        |     1 |       ||     1
       Chunk             |       |     4 ||     4
Armor: Robe              |     7 |     2 ||     9
Dodge: Dodged            |    22 |    23 ||    45
